Map: Daybreak LE (Void)

Players

Fropez - Winner!

  • Race: Protoss Protoss
  • League: Gold
  • Spawn Location: 1:00

poi

  • Race: Protoss Protoss
  • League: Gold
  • Spawn Location: 7:00

VOD

Have the link to the VOD?

Description

Time

  • Played on: Dec. 25, 2016, 1:38 p.m.
  • Length: 11:16
Show
View Real Time Build Order
Export as new Build Order

Fropez Protoss - Winner!

Build Orders: Blink Stalkers 

Get SALT Encoding   

  12  0:01  Probe (Chrono Boost)  
  13  0:14  Pylon  
  13  0:17  Probe (Chrono Boost)  
  14  0:31  Probe (Chrono Boost)  
  14  0:35  Gateway  
  15  0:42  Probe (Chrono Boost)  
  16  0:45  Assimilator  
  16  0:52  Probe (Chrono Boost)  
  17  1:04  Probe (Chrono Boost)  
  18  1:16  Probe (Chrono Boost)  
  18  1:18  Assimilator  
  19  1:22  Cybernetics Core  
  19  1:28  Probe (Chrono Boost)  
  19  1:29  Pylon  
  20  1:34  Pylon  
  20  1:43  Probe (Chrono Boost)  
  21  1:54  Probe (Chrono Boost)  
  22  1:56  Stalker  
  22  1:58  Gateway  
  24  2:06  Probe (Chrono Boost)  
  25  2:10  Warp Gate  
  25  2:18  Probe (Chrono Boost)  
  26  2:26  Pylon  
  26  2:31  Pylon  
  26  2:42  Probe (Chrono Boost)  
  27  2:48  Stalker  
  27  2:49  Twilight Council  
  29  2:54  Probe (Chrono Boost)  
  29  3:03  Stalker  
  31  3:10  Blink  
  31  3:35  Nexus  
  31  3:54  Probe (Chrono Boost)  
  34  4:11  Mothership Core (Chrono Boost)  
  34  4:13  Stalker  
  34  4:14  Stalker  
  38  4:30  Probe (Chrono Boost)  
  39  4:48  Probe (Chrono Boost)  
  39  4:49  Stalker x2  
  44  5:11  Forge  
  44  5:13  Pylon  
  44  5:14  Probe (Chrono Boost)  
  46  5:15  Probe (Chrono Boost), Stalker x2  
  50  5:27  Pylon  
  50  5:38  Pylon  
  50  5:43  Protoss Ground Weapons Level 1  
  50  5:45  Stalker x2  
  54  5:50  Probe (Chrono Boost)  
  54  5:52  Probe (Chrono Boost)  
  54  5:55  Assimilator  
  54  5:56  Assimilator  
  56  6:01  Pylon, Probe (Chrono Boost)  
  56  6:02  Gateway  
  56  6:04  Probe (Chrono Boost)  
  59  6:11  Probe (Chrono Boost)  
  59  6:16  Probe (Chrono Boost), Stalker x2  
  64  6:24  Probe (Chrono Boost)  
  65  6:25  Robotics Facility  
  65  6:52  Stalker x2  
  69  6:56  Gateway  
  69  7:01  Pylon  
  69  7:03  Pylon  
  69  7:06  Gateway  
  69  7:15  Stalker x2  
  71  7:17  Observer  
  74  7:23  Protoss Ground Armor Level 1  
  72  7:35  Observer  
  67  8:05  Stalker x3  
  69  8:19  Gateway  
  69  8:23  Gateway  
  69  8:24  Stalker x2  
  73  8:37  Stalker x3  
  79  8:43  Nexus  
  79  8:59  Stalker x2, Protoss Ground Weapons Level 2  
  83  9:05  Warp Prism  
  77  9:25  Stalker x3  
  77  9:26  Stalker x4  
  67  9:50  Stalker x2  
  67  9:51  Stalker x2  
  69  10:04  Stalker x2  
  69  10:24  Stalker x3  
  75  10:29  Probe (Chrono Boost)  
  75  10:31  Probe (Chrono Boost)  
  78  10:36  Probe (Chrono Boost)  
  78  10:40  Probe (Chrono Boost)  
Show
View Real Time Build Order
Export as new Build Order

poi Protoss 

Build Orders:  

Get SALT Encoding   

  12  0:03  Probe (Chrono Boost)  
  13  0:15  Pylon  
  13  0:19  Probe (Chrono Boost)  
  14  0:30  Probe (Chrono Boost)  
  15  0:40  Forge  
  15  0:41  Probe (Chrono Boost)  
  16  0:51  Probe (Chrono Boost)  
  17  0:59  Gateway  
  17  1:16  Photon Cannon  
  17  1:29  Probe (Chrono Boost)  
  18  1:51  Probe (Chrono Boost)  
  19  2:02  Probe (Chrono Boost)  
  20  2:12  Probe (Chrono Boost)  
  21  2:16  Nexus  
  21  2:47  Pylon  
  21  3:09  Cybernetics Core  
  21  3:14  Assimilator  
  21  3:17  Assimilator  
  21  3:23  Assimilator  
  21  3:58  Probe (Chrono Boost)  
  21  4:02  Probe (Chrono Boost)  
  23  4:09  Probe (Chrono Boost)  
  24  4:13  Probe (Chrono Boost), Assimilator  
  25  4:19  Probe (Chrono Boost)  
  25  4:23  Probe (Chrono Boost)  
  27  4:30  Probe (Chrono Boost)  
  28  4:34  Probe (Chrono Boost)  
  29  4:40  Probe (Chrono Boost)  
  29  4:44  Probe (Chrono Boost)  
  31  4:51  Probe (Chrono Boost)  
  32  4:55  Probe (Chrono Boost)  
  32  4:59  Stargate  
  33  5:01  Probe (Chrono Boost)  
  33  5:05  Stargate  
  33  5:06  Probe (Chrono Boost)  
  35  5:12  Probe (Chrono Boost)  
  36  5:16  Probe (Chrono Boost), Stargate  
  36  5:18  Stargate  
  37  5:22  Probe (Chrono Boost)  
  37  5:23  Pylon  
  37  5:27  Probe (Chrono Boost)  
  39  5:30  Pylon  
  39  5:33  Probe (Chrono Boost)  
  40  5:37  Probe (Chrono Boost)  
  40  5:40  Photon Cannon  
  41  5:43  Probe (Chrono Boost)  
  41  5:48  Probe (Chrono Boost)  
  43  5:50  Void Ray x2  
  43  5:54  Probe (Chrono Boost)  
  52  5:58  Probe (Chrono Boost)  
  52  6:00  Void Ray  
  57  6:04  Probe (Chrono Boost)  
  57  6:09  Probe (Chrono Boost)  
  59  6:20  Pylon  
  59  6:22  Pylon  
  59  6:26  Pylon  
  59  6:38  Void Ray x2  
  67  6:40  Void Ray  
  71  6:56  Void Ray  
  75  7:15  Nexus  
  75  7:34  Assimilator  
  74  7:38  Assimilator  
  63  8:14  Void Ray  
  63  8:15  Void Ray x3  
  79  8:28  Probe (Chrono Boost)  
  80  8:54  Pylon  
  58  9:57  Void Ray x2  
  58  9:58  Void Ray  
Tags
 
Composition
Blink Stalkers
League
GoldGold
Matchup
PvP
Replay Pack
All Mines
Spawn Locations
Cross Positions
Add a new tag
Caveats
  • Supply blocks, unpowered buildings, or Contaminate may cause inaccurate times.
  • Supply counts are checked every 10 seconds.